 Dungeon Crawl Stone Soup version 0.23.2 (webtiles) character file.

Game seed: 14639330827298683463

1057 reshi the Chopper (level 8, -8/62 HPs)
             Began as a Barachi Fighter on Apr 7, 2019.
             Was a Priest of Zin.
             Mangled by Menkaure (13 damage)
             ... on level 6 of the Dungeon.
             The game lasted 00:16:32 (5184 turns).

reshi the Chopper (Barachi Fighter)                 Turns: 5184, Time: 00:16:33

Health: -8/62      AC:  9    Str: 18    XL:     8   Next: 27%
Magic:  8/8        EV:  9    Int:  8    God:    Zin [***...]
Gold:   158        SH: 10    Dex: 14    Spells: 7/7 levels left

rFire    . . .     SeeInvis .   a - +0 war axe
rCold    . . .     Gourm    .   c - +0 shield
rNeg     . . .     Faith    +   b - +0 scale mail
rPois    .         Spirit   .   (no helmet)
rElec    .         Reflect  .   p - +1 cloak
rCorr    .         Harm     .   (no gloves)
MR       .....                  (no boots)
Stlth    +.........             n - amulet of faith
HPRegen  0.20/turn              t - ring of stealth
MPRegen  0.11/turn              (no ring)

@: can't hop, slow
A: +LOS, swims, slowness 1, strong legs 1
a: Hop, Recite, Vitalisation, Imprison, Donate Gold, Renounce Religion


You were on level 6 of the Dungeon.
You worshipped Zin.
Zin was most pleased with you.
You were not hungry.

You visited 1 branch of the dungeon, and saw 6 of its levels.

You collected 262 gold pieces.
You donated 104 gold pieces to Zin.

Inventory:

Hand Weapons
 a - a +0 war axe (weapon)
 e - a +0 short sword
 B - a +0 spear of freezing
Missiles
 h - 164 stones (quivered)
Armour
 b - a +0 scale mail (worn)
 c - a +0 shield (worn)
 g - a +0 chain mail
 p - a +1 cloak (worn)
 x - a +0 cloak
 A - a +0 plate armour
Jewellery
 n - an amulet of faith (around neck)
 t - a ring of stealth (left hand)
 C - a +5 amulet of reflection {unknown}
 D - an uncursed amulet of harm {unknown}
 E - an uncursed ring of protection from cold {unknown}
Scrolls
 i - a scroll of amnesia
 l - a scroll of magic mapping
 m - a scroll of blinking {unknown}
 o - 2 scrolls of noise
 q - a scroll of enchant armour
 r - a scroll of identify
 s - a scroll of teleportation
 y - a scroll of remove curse
 z - a scroll of fog {unknown}
 F - 2 scrolls of random uselessness {unknown}
Potions
 d - 2 potions of might
 j - 2 potions of curing
 k - 2 potions of degeneration {unknown}
 u - a potion of ambrosia {unknown}
 v - a potion of resistance {unknown}
 w - a potion of flight {unknown}
Comestibles
 f - 7 rations


   Skills:
 + Level 5.2 Fighting
 + Level 7.3 Axes
 + Level 5.4 Armour
 - Level 3.5 Dodging
 - Level 0.2 Stealth
 + Level 5.1 Shields
 - Level 0.3 Invocations


You had 7 spell levels left.
You didn't know any spells.
Your spell library was empty.

Dungeon Overview and Level Annotations

Branches:
Dungeon (6/15)             Temple (0/1) D:5

Altars:
Ashenzari
Kikubaaqudgha
Ru
Sif Muna
Zin
The Shining One

Annotations:
D:6 Menkaure


Innate Abilities, Weirdness & Mutations

Shadows flee at your approach. (+LOS)
You can swim through water.
You cover ground slowly.
You can hop short distances.


Message History

The centaur shoots an arrow.
You block the arrow.
You hear a splash.
Menkaure barely misses you.
The centaur shoots an arrow.
The arrow hits you.
You hear a splash.
You see here 2 arrows.
You block Menkaure's attack.
The centaur shoots an arrow.
The arrow hits you. Menkaure hits you.
You see here an arrow.
You hit Menkaure but do no damage.
Menkaure is heavily damaged.
The centaur shoots an arrow.
The arrow hits you.
* * * LOW HITPOINT WARNING * * *
You block Menkaure's attack.
The centaur shoots an arrow.
The arrow hits you!
* * * LOW HITPOINT WARNING * * *
You hit Menkaure.
Menkaure is severely damaged.
The centaur shoots an arrow.
The arrow hits you.
* * * LOW HITPOINT WARNING * * *
Menkaure hits you!
You die...

...#.........####.###.#.
#.............##...#..#.
##.#..........#.........
##P#...(............. ##
#.#....#.......<...#
##.##c#....#.###.....#.#
#...#.#(..<.........####
#...≈.≈............## ##
#...≈((@.......###..###>
#.....M..............##.
#.......$..........#....
##.................#.#..
####......#......###...
###....##........((.
..........((.((...
....##..)#........
#...###..#........


You could see Menkaure and a centaur.

Vanquished Creatures
  The ghost of dhn the Chopper, an amateur MiFi (D:4)
  An ice beast (D:5)
  A phantom (D:5)
  A centaur (D:6)
  A scorpion (D:6)
  2 crimson imps
  2 bullfrog zombies
  An orc priest (D:4)
  2 orc wizards
  A centaur skeleton (D:4)
  An iguana (D:6)
  3 worker ants
  A hound zombie (D:5)
  A hound skeleton (D:5)
  11 adders
  An adder zombie (D:6)
  5 worms
  A dart slug (D:3)
  2 leopard geckos
  11 orcs
  6 giant cockroaches
  9 goblins
  9 hobgoblins
  20 jackals
  4 kobolds
  3 quokkas
  3 ball pythons
  6 bats
  10 frilled lizards
  A quokka skeleton (D:5)
  7 rats
128 creatures vanquished.

Notes
Turn   | Place    | Note
-------+----------+-------------------------------------------
     0 | D:1      | reshi the Barachi Fighter began the quest for the Orb.
     0 | D:1      | Reached XP level 1. HP: 18/18 MP: 1/1
   229 | D:1      | Reached XP level 2. HP: 25/25 MP: 2/2
   543 | D:1      | Reached XP level 3. HP: 27/30 MP: 3/3
   678 | D:2      | Reached skill level 3 in Axes
   911 | D:2      | Reached skill level 1 in Dodging
  1017 | D:2      | Reached XP level 4. HP: 37/37 MP: 4/4
  1286 | D:2      | Found Zin's Purification Station.
  1286 | D:2      | Found a glowing silver altar of Zin.
  1299 | D:2      | Became a worshipper of Zin the Law-Giver
  1668 | D:2      | Found a glowing golden altar of the Shining One.
  1908 | D:3      | Reached XP level 5. HP: 38/42 MP: 5/5
  1966 | D:3      | Reached skill level 4 in Axes
  1976 | D:3      | Donated 31 gold pieces to Zin
  1994 | D:3      | Reached * piety under Zin
  2016 | D:3      | Found an ancient bone altar of Kikubaaqudgha.
  2089 | D:3      | Found a deep blue altar of Sif Muna.
  2374 | D:3      | You fall through a shaft!
  2413 | D:4      | Reached ** piety under Zin
  2435 | D:4      | Found a shattered altar of Ashenzari.
  2515 | D:3      | Found a sacrificial altar of Ru.
  2801 | D:4      | Reached XP level 6. HP: 35/48 MP: 6/6
  2822 | D:4      | Reached skill level 5 in Axes
  2990 | D:4      | Donated 47 gold pieces to Zin
  3386 | D:4      | Found a runed translucent door.
  3392 | D:4      | Noticed dhn's ghost (amateur MiFi)
  3471 | D:4      | Killed dhn's ghost
  3471 | D:4      | Reached XP level 7. HP: 17/55 MP: 7/7
  3721 | D:5      | Entered Level 5 of the Dungeon
  3796 | D:5      | Found a staircase to the Ecumenical Temple.
  3952 | D:5      | Reached *** piety under Zin
  3982 | D:5      | Reached skill level 6 in Axes
  3982 | D:5      | Reached skill level 5 in Armour
  4665 | D:6      | Reached skill level 5 in Fighting
  4665 | D:6      | Reached XP level 8. HP: 19/62 MP: 8/8
  5082 | D:6      | Reached skill level 7 in Axes
  5131 | D:6      | Reached skill level 5 in Shields
  5173 | D:6      | Noticed Menkaure
  5184 | D:6      | Mangled by Menkaure

Skill      XL: |  1  2  3  4  5  6  7  8 |
---------------+-------------------------+-----
Armour         | 4 5 |  5.4
Axes           | 3 4 5 6 7 |  7.3
Dodging        | 1 2 3 |  3.5
Fighting       | 4 5 |  5.2
Shields        | 4 5 |  5.1
Stealth        | |  0.2
Invocations    | |  0.3

Action                   |  1- 3 |  4- 6 |  7- 9 || total
-------------------------+-------+-------+-------++-------
Melee: War axe           |    90 |   267 |   112 ||   469
Invok: Donate Gold       |       |     3 |       ||     3
       Vitalisation      |       |     1 |     1 ||     2
       Recite            |       |     1 |       ||     1
 Abil: Hop               |       |       |     1 ||     1
  Use: Potion            |       |     5 |     1 ||     6
       Scroll            |       |     4 |     3 ||     7
  Eat: Chunk             |       |     2 |       ||     2
       Ration            |       |     3 |     2 ||     5
Armor: Scale mail        |    40 |   147 |    42 ||   229
Dodge: Dodged            |    25 |   105 |    43 ||   173
Block: Shield            |    61 |   168 |    82 ||   311
